AoeStats
← Lagarto

Golden Pit

509960549Analyzed
1v1 RM · 2d ago on Sep 28, 2026· 24m 34s· 2 players
Game mode
Random Map
Map size
Tiny (2 player)
Population
200
Speed
Normal
Resources
Standard
Victory
Conquest
Starting age
Dark Age
Ending age
Imperial Age
RankedLock teamsTeams togetherTeam positionsShared explorationLock speedFull tech treeHidden civsTurbo modeCheats
Victory
Defeat
🇬🇪 Malians · Georgia
528
+14
🇪🇸 Huns · Spain
481
-14
Lagarto
12:53 Feudal Age
16:04 Wheelbarrow
15:15 Town Watch
15:24 Horse Collar
16:11 Double-Bit Axe
18:22 Man-at-Arms
OrigiNaL ``
8:06 Loom
9:51 Feudal Age
11:04 Double-Bit Axe
16:38 Fletching
23:50 Castle Age
22:01 Gold Mining
22:01 Stone Mining
23:58 Horse Collar
24:27 Bodkin Arrow
Connection lost

Rejoining the realm…

Still unreachable

The connection could not be restored.

Session expired

The server has moved on; the page needs a fresh start.